 Dungeon Crawl Stone Soup version 0.22.1-2-g9c5b331 (webtiles) character file.

3047 tognito the Severer (level 9, 0/105 HPs)
             Began as a Minotaur Berserker on Dec 30, 2018.
             Was an Elder of Trog.
             Slain by a troll (10 damage)
             ... on level 8 of the Dungeon.
             The game lasted 00:12:42 (6175 turns).

tognito the Severer (Minotaur Berserker)            Turns: 6175, Time: 00:12:43

Health: 0/105      AC: 11    Str: 29    XL:     9   Next: 56%
Magic:  8/8        EV: 10    Int:  4    God:    Trog [****..]
Gold:   175        SH:  0    Dex: 16    Spells: 8/8 levels left

rFire    . . .     SeeInvis .   a - +4 hand axe
rCold    . . .     Gourm    .   (no shield)
rNeg     . . .     Faith    .   r - +0 chain mail
rPois    +         Spirit   .   (helmet restricted)
rElec    .         Reflect  .   k - +0 cloak (curse)
rCorr    .         Harm     .   (no gloves)
MR       .....                  (no boots)
Stlth    ..........             t - amulet of magic regeneration
HPRegen  0.27/turn              e - ring of poison resistance
MPRegen  0.36/turn              n - +5 ring of dexterity

@: berserking (expiring), very quick
A: retaliatory headbutt, horns 2, molten scales 1, deterioration 1
a: Berserk, Trog's Hand, Brothers in Arms, Renounce Religion


You were on level 8 of the Dungeon.
You worshipped Trog.
Trog was greatly pleased with you.
You were very hungry.

You visited 1 branch of the dungeon, and saw 8 of its levels.

You collected 175 gold pieces.

Inventory:

Hand Weapons
 a - a +4 hand axe (weapon)
 b - a +0 shortbow
 w - a +1 antimagic hand axe
Missiles
 o - 108 arrows
 y - 24 bolts
Armour
 k - a cursed +0 cloak (worn)
 r - a +0 chain mail (worn)
 F - a +0 cloak
Jewellery
 e - a ring of poison resistance (left hand)
 n - a +5 ring of dexterity (right hand)
 t - an amulet of magic regeneration (around neck)
 z - an uncursed ring of magical power {unknown}
Wands
 A - a wand of paralysis (21)
Scrolls
 d - 3 scrolls of immolation {unknown}
 f - a scroll of enchant armour {unknown}
 g - 11 scrolls of identify {unknown}
 h - 3 scrolls of random uselessness {unknown}
 i - 2 scrolls of noise {unknown}
 p - 3 scrolls of amnesia {unknown}
 q - a scroll of remove curse {unknown}
 v - 2 scrolls of teleportation {unknown}
 x - a scroll of fog {unknown}
 C - a scroll of magic mapping {unknown}
Potions
 j - a potion of might
 l - 2 potions of brilliance
 m - 2 potions of curing
 s - a potion of haste
 u - 2 potions of flight
 B - a potion of magic
Miscellaneous
 E - a box of beasts
Comestibles
 c - 10 rations
 D - 2 chunks of flesh


   Skills:
 - Level 3.6 Fighting
 + Level 15.4 Axes
 - Level 2.4 Armour
 - Level 2.1 Dodging


You had 8 spell levels left.
You didn't know any spells.
Your spell library was empty.

Dungeon Overview and Level Annotations

Branches:
Dungeon (8/15)             Temple (0/1) D:6            Lair (0/6) D:8

Altars:
Elyvilon
Fedhas
Gozag
Hepliaklqana
Kikubaaqudgha
Makhleb
Okawaru
Qazlal
Trog
Uskayaw
Vehumet
Zin
The Shining One


Innate Abilities, Weirdness & Mutations

You reflexively headbutt those who attack you in melee.
You have a pair of horns on your head.
You are partially covered in molten scales. (AC +2)
Your body sometimes deteriorates upon taking damage.


Message History

You enter the shallow water.
Moving in this stuff is going to be slow.
The orc completely misses you.
Your unstable footing causes you to fumble your attack.
You slash the orc!
You kill the orc!
Trog accepts your kill. Why would you want to do that?
The hound zombie bites you but does no damage.
Things that are here:
a flail; a chain mail You slash the hound zombie!
You headbutt the hound zombie!
You destroy the hound zombie!
Trog accepts your kill.
You slash the troll!
The troll is moderately wounded.
You barely miss the troll. You headbutt the troll!
The troll is severely wounded.
The troll bites you!
You die...

#.................#...
####.....####.....#...
#.....##...........
#..................
#######.....≈.≈.≈.≈
#.(.†≈.≈.≈≈.≈
#...)≈≈(≈≈.≈≈
#.≈.(≈≈≈(≈≈≈≈
#.≈≈≈@≈≈≈≈5≈≈
#.≈≈≈≈To≈.≈.≈
#.≈≈≈≈≈a....≈
#.≈≈≈≈≈≈.>.≈.
#.≈≈≈≈≈≈.....
#.≈≈≈≈≈≈(...≈
#..≈≈≈≈≈≈.≈.≈
#...≈≈≈≈≈.≈≈≈


You could see a troll, a worker ant, a crimson imp and an orc.

Vanquished Creatures
  3 hippogriffs (D:7)
  A phantom (D:5)
  2 sky beasts (D:5)
  2 eyes of draining (D:4)
  4 wolves (D:8)
  4 ogres
  2 centaurs
  A bullfrog (D:6)
  A scorpion (D:3)
  A howler monkey (D:4)
  An electric eel (D:8)
  A crimson imp (D:6)
  2 bullfrog zombies
  5 hounds
  2 centaur skeletons (D:4)
  Crazy Yiuf (D:7)
  2 orc priests
  2 iguanas
  5 worker ants
  4 orc wizards
  2 hound zombies
  A hound skeleton (D:6)
  2 worker ant zombies (D:5)
  12 gnolls
  4 adders
  2 shadow imps
  3 adder skeletons
  6 worms
  A dart slug (D:1)
  5 leopard geckos
  23 orcs
  4 giant cockroaches
  7 goblins
  7 hobgoblins
  6 jackals
  4 kobolds
  A quokka (D:5)
  A ball python (D:1)
  3 bats
  7 frilled lizards
  A jackal skeleton (D:6)
  2 leopard gecko skeletons
  A quokka skeleton (D:5)
  8 rats
159 creatures vanquished.

Notes
Turn   | Place    | Note
-------+----------+-------------------------------------------
     0 | D:1      | tognito the Minotaur Berserker began the quest for the Orb.
     0 | D:1      | Reached XP level 1. HP: 19/19 MP: 0/0
    46 | D:1      | Reached skill level 4 in Axes
   226 | D:1      | Reached XP level 2. HP: 24/26 MP: 1/1
   417 | D:1      | Gained mutation: Your body sometimes deteriorates upon
                  | taking damage. [potion of mutation]
   417 | D:1      | Gained mutation: You are partially covered in molten
                  | scales. (AC +2) [potion of mutation]
   554 | D:1      | Reached skill level 5 in Axes
  1179 | D:2      | Reached XP level 3. HP: 31/31 MP: 2/2
  1743 | D:2      | Reached ** piety under Trog
  2332 | D:3      | Noticed a scorpion
  2341 | D:3      | Killed a scorpion
  2341 | D:3      | Reached skill level 6 in Axes
  2341 | D:3      | Reached XP level 4. HP: 29/39 MP: 3/3
  2362 | D:3      | Reached XP level 5. HP: 24/45 MP: 4/4
  2362 | D:3      | Reached skill level 7 in Axes
  2804 | D:3      | You fall through a shaft for 3 floors!
  2804 | D:6      | Noticed a centaur
  2813 | D:6      | Killed a centaur
  2813 | D:6      | Reached skill level 8 in Axes
  2813 | D:6      | Reached XP level 6. HP: 29/51 MP: 5/5
  2831 | D:6      | Found a stormy altar of Qazlal.
  3154 | D:6      | Reached skill level 9 in Axes
  3177 | D:6      | Found a staircase to the Ecumenical Temple.
  3215 | D:5      | Entered Level 5 of the Dungeon
  3289 | D:4      | Found an opulent altar of Gozag.
  3289 | D:4      | Found a blossoming altar of Fedhas.
  3291 | D:4      | Found a hide-covered altar of Uskayaw.
  3313 | D:4      | Reached XP level 7. HP: 56/57 MP: 6/6
  3325 | D:4      | Reached *** piety under Trog
  3433 | D:4      | Reached skill level 10 in Axes
  3454 | D:4      | Found a glowing silver altar of Zin.
  3805 | D:4      | Found a hazy altar of Hepliaklqana.
  4080 | D:4      | Found a bloodstained altar of Trog.
  4091 | D:4      | Reached skill level 11 in Axes
  4094 | D:4      | Reached XP level 8. HP: 64/64 MP: 1/7
  4163 | D:5      | Reached skill level 12 in Axes
  4254 | D:5      | Reached **** piety under Trog
  4438 | D:5      | Reached skill level 13 in Axes
  4873 | D:6      | Found an iron altar of Okawaru.
  5225 | D:7      | Found a white marble altar of Elyvilon.
  5272 | D:7      | Noticed a hippogriff
  5285 | D:7      | Killed a hippogriff
  5337 | D:7      | Found a glowing golden altar of the Shining One.
  5398 | D:7      | Reached XP level 9. HP: 62/70 MP: 8/8
  5412 | D:7      | Reached skill level 14 in Axes
  5724 | D:7      | Found a burning altar of Makhleb.
  5746 | D:7      | Found a radiant altar of Vehumet.
  5811 | D:7      | Found a runed door.
  5874 | D:7      | Found an ancient bone altar of Kikubaaqudgha.
  6072 | D:7      | Noticed Crazy Yiuf
  6076 | D:7      | Killed Crazy Yiuf
  6144 | D:8      | Found a staircase to the Lair.
  6155 | D:8      | Noticed a troll
  6157 | D:8      | Reached skill level 15 in Axes
  6175 | D:8      | Slain by a troll

Skill      XL: |  1  2  3  4  5  6  7  8  9 |
---------------+----------------------------+-----
Axes           | 4 5 6 8 9 11 13 15 | 15.4
Fighting       | |  3.6
Armour         | |  2.4
Dodging        | |  2.1

Action                   |  1- 3 |  4- 6 |  7- 9 || total
-------------------------+-------+-------+-------++-------
Melee: Hand axe          |   107 |    65 |   221 ||   393
       Headbutt          |    16 |    16 |    58 ||    90
 Fire: Shortbow          |       |       |    62 ||    62
Invok: Berserk           |       |       |     1 ||     1
  Use: Potion            |     7 |       |     5 ||    12
  Eat: Chunk             |     4 |     4 |     5 ||    13
       Ration            |       |       |     1 ||     1
Armor: Animal skin       |    19 |       |       ||    19
       Scale mail        |     7 |    29 |    18 ||    54
       Chain mail        |       |       |    66 ||    66
Dodge: Dodged            |    51 |    34 |    70 ||   155
